 Dungeon Crawl Stone Soup version 0.31-a0-1626-g5cb510d322 (webtiles) character file.

Game seed: 1597413831683787771

94 zenocrate the Sneak (level 4, -1/21 HPs)
             Began as a Vine Stalker Enchanter on Jan 12, 2024.
             Slain by a gnoll
             ... wielding a +0 spear
              (8 damage)
             ... on level 2 of the Dungeon on Jan 13, 2024.
             The game lasted 00:03:25 (1221 turns).

zenocrate the Sneak (Vine Stalker Enchanter)        Turns: 1221, Time: 00:03:26

Health: -1/21      AC:  3    Str: 10    XL:     4   Next: 63%
Magic:  0/8        EV: 12    Int: 15    God:
Gold:   84         SH:  0    Dex: 17    Spells: 2/7 levels left

rFire   . . .        b - +0 dagger (venom)
rCold   . . .        (no shield)
rNeg    . . .        j - +0 robe
rPois   .            k - +0 helmet
rElec   .            (no cloak)
rCorr   .            (no gloves)
SInv    .            (no boots)
Will    .....        (no amulet)
Stlth   +++          (no ring)
HPRegen 1.03/turn    (no ring)
MPRegen 0.11/turn

%: guardian spirit
@: no status effects
A: fangs 2, regeneration 1, magic shield, antimagic bite, no potion heal 2
a: no special abilities


You were on level 2 of the Dungeon.
You visited 1 branch of the dungeon, and saw 2 of its levels.

You collected 84 gold pieces.

Inventory:

Hand Weapons
 a - a +0 rapier
 b - a +0 dagger of venom (weapon)
 l - a +1 dagger
Missiles
 i - 5 curare-tipped darts (quivered)
Armour
 j - a +0 robe (worn)
 k - a +0 helmet (worn)
Scrolls
 g - a scroll of poison {unknown}
 h - a scroll of fog {unknown}
 m - 3 scrolls of immolation {unknown}
Potions
 c - 2 potions of invisibility
 d - a potion of brilliance {unknown}
 e - a potion of mutation {unknown}
 f - a potion of ambrosia {unknown}


   Skills:
 * Level 2.2 Short Blades
 + Level 2.1 Dodging
 + Level 4.3 Stealth
 - Level 2.1 Spellcasting
 + Level 3.5 Hexes
 + Level 1.2 Ice Magic


You had 2 spell levels left.
You knew the following spells:

 Your Spells              Type           Power      Damage    Failure   Level
a - Ensorcelled Hibernat  Hex/Ice        16%        N/A       12%         2
b - Confusing Touch       Hex            12%        N/A       16%         3

Your spell library contained the following spells:

 Spells                   Type           Power      Damage    Failure   Level
 Sigil of Binding         Hex            12%        N/A       16%         3
 Tukima's Dance           Hex            12%        N/A       16%         3
 Dazzling Flash           Conj/Hex       12%        N/A       32%         3
 Call Canine Familiar     Summ           1%         N/A       54%         3
 Dimensional Bullseye     Hex/Tloc       3%         N/A       71%         4


Dungeon Overview and Level Annotations

Branches:
Dungeon (2/15)

Altars:


Innate Abilities, Weirdness & Mutations

You have extremely sharp teeth.
Your natural rate of healing is unusually fast.
When hurt, damage is shared between your health and your magic reserves.
Your bite disrupts and absorbs the magic of your enemies.
Potions cannot restore your health.


Message History

Press: ? - help, Shift-Dir - straight line, f/p - gnoll
Aim: a gnoll, wielding a +0 club (chance to affect: 50%)
You miscast Ensorcelled Hibernation.
Nothing appears to happen.
The gnoll shouts!
The gnoll hits you with a +0 club. The gnoll closely misses you.
Unknown command.
The gnoll attacks as it pursues you! The gnoll closely misses you.
The gnoll closely misses you.
The gnoll hits you from afar with a +0 spear.
The gnoll attacks as it pursues you! The gnoll closely misses you.
The gnoll hits you from afar with a +0 spear.
The gnoll attacks as it pursues you! The gnoll hits you with a +0 club.
The gnoll attacks as it pursues you! The gnoll hits you with a +0 club.
The gnoll attacks as it pursues you! The gnoll misses you.
You hit the gnoll.
The gnoll is poisoned.
The gnoll is lightly wounded.
Unknown command.
You hit the gnoll.
The gnoll looks even sicker.
You bite the gnoll. You drain its power.
You feel invigorated.
The gnoll is heavily wounded.
The gnoll hits you with a +0 club.
The gnoll hits you from afar with a +0 spear.
Unknown command.
You kill the gnoll!
Your magical contamination has completely faded away.
Unknown command.
Casting: Ensorcelled Hibernation (safe; 12% risk of failure)
Confirm with . or Enter, or press ? or * to list all spells.
You don't have enough magic to cast this spell.
Unknown command.
Unknown command.
The gnoll hits you with a +0 spear!
* * * LOW HITPOINT WARNING * * *
Unknown command.
You hit the gnoll but do no damage.
The gnoll is poisoned.
Your bite misses the gnoll. The gnoll closely misses you.
The gnoll barely misses you.
Unknown command.
The gnoll hits you from afar with a +0 spear!
You die...

#.....# #.....########### ##
##.)..†..........##### #.
..#....................# #.
......g.................# ##.##
#..#.#...########.#.....# #....
#. #.#....# #.....########.## g
......#.#######................
..#.........gg.@.#.............#
..###.##....####.#.###.#.####..#
#. #..#.## #.#.## ...####...
###+##..#..###..... .........#
#.......##..##.... ...####..#
#.......###.##.#.###...####..#
#.......###......#............
##.###........................
#....#.........##.#...####.#.


You could see 2 gnolls.

Vanquished Creatures
  Robin (D:2)
  A gnoll (D:2)
  An adder (D:2)
  4 orcs (D:2)
  3 ball pythons (D:1)
  8 bats
  4 endoplasms
  5 hobgoblins
  4 kobolds
  2 quokkas
  6 frilled lizards (D:1)
  12 goblins
  8 rats
59 creatures vanquished.

Notes
Turn   | Place    | Note
-------+----------+-------------------------------------------
     0 | D:1      | zenocrate the Vine Stalker Enchanter began the quest for
                  | the Orb.
     0 | D:1      | Reached XP level 1. HP: 9/9 MP: 4/4
    20 | D:1      | Reached skill level 1 in Short Blades
   134 | D:1      | Reached XP level 2. HP: 12/13 MP: 6/6
   156 | D:1      | Learned a level 2 spell: Ensorcelled Hibernation
   281 | D:1      | Reached skill level 4 in Stealth
   329 | D:1      | Reached XP level 3. HP: 16/16 MP: 7/7
   333 | D:1      | Learned a level 3 spell: Confusing Touch
  1057 | D:2      | Reached skill level 1 in Ice Magic
  1064 | D:2      | Reached XP level 4. HP: 18/21 MP: 6/8
  1102 | D:2      | Noticed Robin
  1106 | D:2      | Killed Robin
  1221 | D:2      | Slain by a gnoll

Illustrated notes

Levels and vault maps discovered:
D:1:      dpeg_arrival_boxes_within_box, layout_rooms
D:2:      layout_basic, wad_orctagon, uniq_robin

Skill      XL: |  1  2  3  4 |
---------------+-------------+-----
Short Blades   | 1 2 |  2.2
Stealth        | 4 |  4.3
Ice Magic      | 1 |  1.2
Dodging        | 2 |  2.1
Spellcasting   | |  2.1
Hexes          | |  3.5

Action                     |  1- 3 |  4- 6 || total
---------------------------+-------+-------++-------
  Melee: Dagger            |   118 |    19 ||   137
         Bite              |    26 |     5 ||    31
   Cast: Ensorcelled Hiber |     7 |     3 ||    10
   Stab: Sleeping          |     7 |     3 ||    10
 Armour: Robe              |    69 |    17 ||    86
  Dodge: Dodged            |    69 |    17 ||    86

Table legend: (Time is in decaauts)
 A = Elapsed time spent in this place.
 B = Non-inter-level travel time spent in this place.
 C = Inter-level travel time spent in this place.
 D = Time resting spent in this place.
 E = Time spent auto-exploring this place.
 F = Levels seen in this place.
 G = Mean time per level.
                   A        B        C        D        E       F      G
               +--------+--------+--------+--------+--------+-----+--------+
         Total |   1209 |   1190 |     19 |      0 |    815 |   2 |  604.5 |
       Dungeon |   1209 |   1190 |     19 |      0 |    815 |   2 |  604.5 |
               +--------+--------+--------+--------+--------+-----+--------+

Top non-repeatable levels by time:
     D:1: 617 daAuts
     D:2: 591 daAuts
